 Dungeon Crawl Stone Soup version 0.26-a0-259-g1effd001a9 (webtiles) character file.

Game seed: 4783252391814228950

137 funkygono the Ruffian (level 5, -3/50 HPs)
             Began as a Troll Fighter on July 23, 2020.
             Slain by an orc
             ... wielding a +0 trident of freezing
              (4 damage)
             ... on level 3 of the Dungeon.
             The game lasted 00:05:35 (1801 turns).

funkygono the Ruffian (Troll Fighter)               Turns: 1801, Time: 00:05:36

Health: -3/50      AC:  6    Str: 22 (24) XL:     5   Next: 0%
Magic:  4/4        EV:  8    Int:  2 (4)  God:
Gold:   67         SH:  9    Dex:  8 (10) Spells: 4/4 levels left

rFire    . . .     SeeInvis .     - Unarmed
rCold    . . .     Faith    .   b - +1 kite shield
rNeg     . . .     Spirit   .   a - +0 robe
rPois    .         Reflect  .   (helmet restricted)
rElec    .         Harm     .   (no cloak)
rCorr    .                      (gloves unavailable)
MR       .....                  (boots unavailable)
Stlth    +.........             (no amulet)
HPRegen  0.56/turn              (no ring)
MPRegen  0.09/turn              (no ring)

@: mighty, brilliant, hasted, very quick
A: large, unfitting armour, claws 3, fast metabolism 1, regeneration 1, shaggy
fur 1, tough skin 3
a: no special abilities


You were on level 3 of the Dungeon.
You were not hungry.

You visited 1 branch of the dungeon, and saw 3 of its levels.

You collected 67 gold pieces.

Inventory:

Missiles
 e - 121 stones
 n - 2 boomerangs (quivered)
 o - 7 poisoned darts
Armour
 a - a +0 robe (worn)
 b - a +1 kite shield (worn)
Jewellery
 p - an uncursed ring of protection from fire {unknown}
Scrolls
 g - 2 scrolls of remove curse
 h - 4 scrolls of enchant weapon
 l - 3 scrolls of identify
 q - a scroll of blinking {unknown}
 r - a scroll of fog
Potions
 f - 3 potions of flight
 j - a potion of curing
Comestibles
 d - 8 rations


   Skills:
 + Level 2.7 Fighting
 + Level 0.2 Throwing
 + Level 3.2 Dodging
 + Level 3.2 Shields
 + Level 3.3 Unarmed Combat


You had 4 spell levels left.
You didn't know any spells.
Your spell library was empty.

Dungeon Overview and Level Annotations

Branches:
Dungeon (3/15)

Altars:
Fedhas
Ru


Innate Abilities, Weirdness & Mutations

You are too large for most types of armour.
You have claws for hands.
You have a fast metabolism.
Your natural rate of healing is unusually fast.
You are covered in fur. (AC +1)
You have extremely tough skin. (AC +3)


Message History

* * * LOW HITPOINT WARNING * * *
The orc freezes you.
* * * LOW HITPOINT WARNING * * *
You scratch the orc.
The orc is severely wounded.
You block the orc's attack.
The orc wizard mumbles some strange words.
The orc wizard blinks!
It was a potion of degeneration.
There was something very wrong with that liquid.
You feel weakened.
You feel dopey.
You feel clumsy. You block the orc's attack.
It was a potion of brilliance.
You feel clever all of a sudden. The orc barely misses you.
It was a potion of haste.
You feel yourself speed up.
The orc hits you with a +0 trident of freezing!
* * * LOW HITPOINT WARNING * * *
The orc freezes you.
You die...

# #.# #.## ####.# #.#
#.#..########.# .#>...........#
###..######################## #
##.# #............# ###..#
#.##.......#.# .#.#.#
#.##.##..#)#.##### #.##.#
#@##.##........... ####.##
####o##>###.#.#..#### #...#
#..oo.......#.#..#### #...#
#.#.#.†..........#... #...#
####.#.....#........#.##
###...####o.o)................>..
.........o÷##..###..........##†##
...........##..###...<......##...
..........###...............##...


You could see an orc priest and 2 orcs.

Vanquished Creatures
  5 adders
  2 worms (D:3)
  A dart slug (D:2)
  2 leopard geckos
  7 orcs (D:3)
  3 ball pythons
  6 giant cockroaches (D:1)
  4 goblins
  4 hobgoblins
  9 jackals (D:3)
  A quokka (D:2)
  9 bats
  9 frilled lizards
  5 kobolds
  7 rats
74 creatures vanquished.

Notes
Turn   | Place    | Note
-------+----------+-------------------------------------------
     0 | D:1      | funkygono the Troll Fighter began the quest for the Orb.
     0 | D:1      | Reached XP level 1. HP: 22/22 MP: 0/0
   201 | D:1      | Reached XP level 2. HP: 29/29 MP: 1/1
   778 | D:2      | Reached XP level 3. HP: 36/36 MP: 2/2
  1097 | D:2      | Reached XP level 4. HP: 44/44 MP: 3/3
  1223 | D:2      | Found a sacrificial altar of Ru.
  1476 | D:3      | Found a blossoming altar of Fedhas.
  1795 | D:3      | Reached XP level 5. HP: 23/50 MP: 4/4
  1801 | D:3      | HP: 1/50 [orc/+0 trident of freezing (9)]
  1801 | D:3      | Slain by an orc

Illustrated notes

Levels and vault maps discovered:
D:1:      dpeg_arrival_simpleton_c, layout_loops_cross, minmay_worlds_worst_comb
D:2:      layout_rooms, lemuel_coloured_pillars_altar
D:3:      layout_loops_cross, hangedman_abyss_or_decor_lesser_grid,
          fedhas_altar_3

Skill      XL: |  1  2  3  4 |
---------------+-------------+-----
Shields        | 3 |  3.2
Dodging        | 3 |  3.2
Unarmed Combat | 3 |  3.3
Fighting       | |  2.7
Throwing       | |  0.2

Action                   |  1- 3 |  4- 6 || total
-------------------------+-------+-------++-------
Melee: Unarmed           |    89 |    88 ||   177
Throw: Stone             |     6 |       ||     6
       Boomerang         |    21 |    43 ||    64
  Use: Scroll            |     3 |     3 ||     6
       Potion            |       |     5 ||     5
  Eat: Ration            |     1 |     1 ||     2
Armor: Robe              |    44 |    24 ||    68
Dodge: Dodged            |    39 |    18 ||    57
Block: Kite shield       |    42 |    55 ||    97

Table legend:
 A = Non-vault XP
 B = Vault XP
 C = Vault XP percentage of total XP
 D = Non-vault monster count
 E = Vault monster count
 F = Vault count percentage of total count
                 A         B        C        D         E       F
            +---------+---------+-------+---------+---------+-------
      Total |     185 |      12 |   6.1 |      68 |       6 |   8.1
            +---------+---------+-------+---------+---------+-------
        D:1 |      17 |      12 |  41.4 |      12 |       6 |  33.3
        D:2 |      72 |       0 |   0.0 |      23 |       0 |   0.0
        D:3 |      96 |       0 |   0.0 |      33 |       0 |   0.0
            +---------+---------+-------+---------+---------+-------
